 Seeded DCSS version 0.29.1-13-g9f3cf754e1 (webtiles) character file.

Game seed: 16245865983455551772 (custom seed)

4 OTABOTABOTAB the Conjurer (level 1, 14/14 HPs)
             Began as a Draconian Conjurer on Jan 24, 2023.
             Quit the game on level 1 of the Dungeon.
             The game lasted 00:01:08 (131 turns).

OTABOTABOTAB the Conjurer (Draconian Conjurer)       Turns: 131, Time: 00:01:09

Health: 14/14      AC:  5    Str:  9    XL:     1   Next: 50%
Magic:  3/3        EV: 12    Int: 18    God:
Gold:   1673       SH:  0    Dex:  9    Spells: 3/4 levels left

rFire   . . .      SeeInvis .   (no weapon)
rCold   . . .      Faith    .   (no shield)
rNeg    . . .      Spirit   .   (body armour unavailable)
rPois   .          Reflect  .   (helmet restricted)
rElec   .          Harm     .   (no cloak)
rCorr   .          Rampage  .   e - +0 pair of gloves of the Wild Haggis {Regen+}
Will    .....                   (no boots)
Stlth   ++........              (no amulet)
HPRegen 0.84/turn               (no ring)
MPRegen 0.08/turn               (no ring)

@: no status effects
A: AC +4, unfitting armour, cold-blooded
a: no special abilities


You were on level 1 of the Dungeon.
You visited 1 branch of the dungeon, and saw 1 of its levels.

You collected 1673 gold pieces.

Inventory:

Hand Weapons
 a - a +0 sling
   (You found it on level 1 of the Dungeon)
 b - a +0 dagger
   (You found it on level 1 of the Dungeon)
 c - a +0 dagger
   (You took it off a goblin on level 1 of the Dungeon)
Missiles
 s - 6 stones
Armour
 e - the +0 pair of gloves of the Wild Haggis (worn) {Regen+}
   (You acquired it on level 1 of the Dungeon)

   Regen:     It increases your rate of health regeneration.
Potions
 M - a potion of magic


   Skills:
 - Level 1.7 Dodging
 - Level 1.7 Stealth
 * Level 2.2 Spellcasting
 + Level 4.0 Conjurations


You had 3 spell levels left.
You knew the following spells:

 Your Spells              Type           Power      Damage    Failure   Level
a - Magic Dart            Conj           64%        1d6       3%          1

Your spell library contained the following spells:

 Spells                   Type           Power      Damage    Failure   Level
 Searing Ray              Conj           32%        2d5       4%          2
 Dazzling Flash           Conj/Hex       18%        N/A       22%         3
 Fulminant Prism          Conj/Hex       4%         3d6       58%         4
 Iskenderun's Mystic Bla  Conj/Tloc      9%         2d4       58%         4


Dungeon Overview and Level Annotations

Branches:
Dungeon (1/15)

Altars:


Innate Abilities, Weirdness & Mutations

Your plain brown scales are hard. (AC +4)
You cannot fit into any form of body armour.
You are cold-blooded and may be slowed by cold attacks.


Message History

Bad channel name for runrest: 'Jiyva says: Divide and consume' Welcome, OTABOTABOTAB the Draconian Conjurer.
Game seed: 16245865983455551772 (custom seed)
Found a sling.
Found a staircase leading out of the dungeon.
a - a +0 sling
Found an escape hatch in the floor.
Found an escape hatch in the floor.
b - a +0 dagger A goblin comes into view.
It is wielding a +0 dagger.
The goblin shouts!
A quokka comes into view.
The magic dart hits the goblin.
You now have 2/3 mp.
The magic dart hits the goblin.
You kill the goblin!
You now have 1/3 mp.
The magic dart hits the quokka.
You now have 0/3 mp.
A quokka is nearby!
The quokka closely misses you.
Really attack while wielding nothing? [Y]es or [N]o only, please.
Really attack while wielding nothing? [Y]es or [N]o only, please.
Really attack while wielding nothing? [Y]es or [N]o only, please.
Really attack while wielding nothing?
You closely miss the quokka.
The quokka bites you but does no damage.
You hit the quokka but do no damage. The quokka barely misses you.
You barely miss the quokka. The quokka barely misses you.
The quokka closely misses you.
You barely miss the quokka. The quokka barely misses you.
You hit the quokka but do no damage. Your punch misses the quokka.
The quokka barely misses you.
You hit the quokka. The quokka barely misses you.
You hit the quokka but do no damage.
Your tail-slap misses the quokka.
The quokka barely misses you.
You closely miss the quokka. The quokka misses you.
The quokka completely misses you.
You hit the quokka but do no damage. You tail-slap the quokka.
You kill the quokka!
No target in view!
c - a +0 dagger You see here a goblin corpse.
s - 6 stones An endoplasm comes into view.
You see here 3 scrolls labelled WAC GOIFOFITOUPLEC.
MP restored: 3 The magic dart hits the endoplasm.
The endoplasm quivers.
You now have 2/3 mp.
The magic dart hits the endoplasm.
You now have 1/3 mp.
You hit the endoplasm.
You kill the endoplasm!
d - 3 scrolls labelled WAC GOIFOFITOUPLEC MP restored: 3
There are no items here.
This is a scroll of acquirement!
Something appears at your feet!
You now have 949 gold pieces.
Something appears at your feet!
e - the +0 pair of gloves of the Wild Haggis {Regen+} Something appears at your feet!
You now have 1673 gold pieces (gained 724).
There are no items here.
You start putting on your armour.
You continue putting on the +0 pair of gloves of the Wild Haggis {Regen+}. x4
You finish putting on the +0 pair of gloves of the Wild Haggis {Regen+}.
The gloves of the Wild Haggis throb as they attune themselves to your uninjured body.

## #. #.# #
#.######..##
##.##.#.@.......
........#..#....
##.##...#..# .
#...###.#
#...#.#..
#..##.##.#
#..#...#.. ...
##.##...##.## ...
#..#...†.#..#....


There were no monsters in sight!

Vanquished Creatures
  An endoplasm (D:1)
  A goblin (D:1)
  A quokka (D:1)
3 creatures vanquished.

Notes
Turn   | Place    | Note
-------+----------+-------------------------------------------
     0 | D:1      | OTABOTABOTAB the Draconian Conjurer began the quest for the
                  | Orb.
     0 | D:1      | Reached XP level 1. HP: 14/14 MP: 3/3
   120 | D:1      | Identified 3 scrolls of acquirement
   120 | D:1      | Acquired 949 gold pieces
   122 | D:1      | Acquired the +0 pair of gloves of the Wild Haggis {Regen+}
   124 | D:1      | Acquired 724 gold pieces
   131 | D:1      | Quit the game

Illustrated notes

Levels and vault maps discovered:
D:1:      minmay_arrival_hallway, layout_loops_corners, basic_ecumenical_altar,
          minmay_unequal

Action                   || total
-------------------------++-------
Melee: Unarmed           ||    10
       Tailslap          ||     1
 Cast: Magic Dart        ||     5
  Use: Scroll            ||     3
Armor: Skin              ||     1
Dodge: Dodged            ||    10

Table legend: (Time is in decaauts)
 A = Elapsed time spent in this place.
 B = Non-inter-level travel time spent in this place.
 C = Inter-level travel time spent in this place.
 D = Time resting spent in this place.
 E = Time spent auto-exploring this place.
 F = Levels seen in this place.
 G = Mean time per level.
                   A        B        C        D        E       F      G
               +--------+--------+--------+--------+--------+-----+--------+
         Total |    131 |    131 |      0 |      0 |     97 |   1 |  131.0 |
       Dungeon |    131 |    131 |      0 |      0 |     97 |   1 |  131.0 |
               +--------+--------+--------+--------+--------+-----+--------+

Top non-repeatable levels by time:
     D:1: 131 daAuts

Table legend:
 A = Kills in this place as a percentage of kills in entire the game.
 B = Kills by you in this place as a percentage of kills by you in the entire game.
 C = Kills by friends in this place as a percentage of kills by friends in the entire game.
 D = Other kills in this place as a percentage of other kills in the entire game.
 E = Experience gained in this place as a percentage of experience gained in the entire game.
 F = Experience gained in this place divided by the number of levels of this place that you have seen.
                   A       B       C       D       E      F
               +-------+-------+-------+-------+-------+----------------------
         Total | 100.0 | 100.0 |   N/A |   N/A | 100.0 |   6.0
       Dungeon | 100.0 | 100.0 |   N/A |   N/A | 100.0 |   6.0
               +-------+-------+-------+-------+-------+----------------------
